Map: Ancient Cistern LE

Players

关某人

  • Race: Protoss Protoss
  • Spawn Location: 7:00

winzboy - Winner!

  • Race: Protoss Protoss
  • League: Gold
  • Spawn Location: 1:00

VOD

Have the link to the VOD?

Description

Time

  • Played on: May 28, 2023, 2:40 a.m.
  • Length: 10:44
Show
View Real Time Build Order
Export as new Build Order

关某人 Protoss 

Build Orders:  

Get SALT Encoding   

  12  0:02  Probe  
  13  0:16  Pylon  
  13  0:19  Probe  
  14  0:31  Probe  
  15  0:41  Gateway  
  15  0:49  Forge  
  15  0:57  Pylon  
  15  1:00  Probe  
  16  1:12  Probe (Chrono Boost)  
  17  1:20  Assimilator  
  17  1:22  Probe (Chrono Boost)  
  18  1:27  Probe (Chrono Boost)  
  18  1:29  Cybernetics Core  
  19  1:39  Probe  
  20  1:53  Assimilator  
  20  2:04  Adept (Chrono Boost)  
  22  2:57  Nexus  
  22  3:18  Stargate  
  22  3:20  Stargate  
  22  3:24  Probe (Chrono Boost)  
  24  3:34  Probe (Chrono Boost)  
  24  3:39  Probe (Chrono Boost)  
  25  3:49  Stalker  
  27  4:08  Oracle (Chrono Boost)  
  30  4:13  Pylon  
  30  4:19  Oracle (Chrono Boost)  
  31  5:51  Probe  
  32  6:03  Probe  
  33  6:05  Pylon  
  33  6:10  Pylon  
  33  6:15  Probe  
  34  6:24  Photon Cannon  
  34  6:26  Photon Cannon  
  34  6:27  Photon Cannon  
  34  6:28  Probe  
  34  6:30  Photon Cannon  
  35  6:33  Photon Cannon  
  35  6:35  Photon Cannon  
  35  6:36  Photon Cannon  
  35  6:38  Photon Cannon  
  35  6:40  Probe, Photon Cannon  
  30  6:58  Probe  
  31  7:03  Probe  
  32  7:10  Probe  
  33  7:22  Probe  
  34  7:29  Pylon  
  34  7:33  Pylon  
  34  7:34  Probe  
  35  7:43  Assimilator  
  35  7:46  Assimilator  
  35  7:47  Probe  
  36  8:03  Fleet Beacon  
  36  8:06  Robotics Facility  
  36  8:10  Robotics Facility  
  36  8:28  Probe  
  36  8:31  Warp Gate  
  37  8:40  Probe  
  38  8:48  Shield Battery  
  38  8:51  Shield Battery  
  38  8:52  Probe  
  39  8:59  Shield Battery  
  39  9:01  Shield Battery  
  39  9:04  Probe  
  39  9:05  Shield Battery  
  39  9:08  Pylon  
  40  9:13  Pylon  
  40  9:14  Pylon  
  40  9:16  Probe, Pylon  
  41  9:40  Photon Cannon  
  41  9:44  Pylon  
  41  9:46  Pylon  
  41  9:48  Pylon  
  41  9:50  Pylon  
  41  9:53  Pylon  
Show
View Real Time Build Order
Export as new Build Order

winzboy Protoss - Winner!

Build Orders: 1 Gate Expand 

Get SALT Encoding   

  12  0:01  Probe  
  13  0:14  Pylon  
  13  0:20  Probe  
  14  0:32  Probe  
  15  0:37  Gateway  
  15  0:41  Assimilator  
  15  0:44  Probe (Chrono Boost)  
  16  0:55  Probe (Chrono Boost)  
  17  1:02  Probe  
  18  1:14  Probe  
  19  1:25  Cybernetics Core  
  19  1:29  Probe  
  20  1:38  Nexus  
  20  1:50  Probe  
  21  1:57  Pylon  
  21  2:02  Probe, Assimilator  
  22  2:12  Warp Gate  
  22  2:13  Adept (Chrono Boost)  
  22  2:14  Probe  
  25  2:26  Probe  
  25  2:38  Probe  
  26  2:46  Stalker  
  26  2:50  Probe  
  29  2:53  Robotics Facility  
  29  2:55  Probe  
  30  3:00  Pylon  
  30  3:02  Probe  
  31  3:07  Probe  
  32  3:14  Probe  
  32  3:16  Gateway x2  
  33  3:20  Stalker (Chrono Boost)  
  35  3:28  Probe x2  
  37  3:40  Probe  
  37  3:41  Probe  
  39  3:43  Pylon  
  39  3:50  Observer (Chrono Boost)  
  39  3:52  Probe  
  41  4:03  Stalker  
  41  4:05  Probe x2  
  45  4:12  Assimilator  
  45  4:15  Assimilator  
  45  4:17  Probe (Chrono Boost)  
  45  4:20  Probe (Chrono Boost), Pylon  
  47  4:26  Stalker  
  47  4:28  Twilight Council, Stalker  
  47  4:29  Probe (Chrono Boost)  
  53  4:32  Pylon  
  53  4:34  Probe (Chrono Boost)  
  53  4:35  Probe (Chrono Boost)  
  54  4:43  Probe  
  54  4:44  Probe  
  56  4:46  Stalker  
  58  4:55  Probe  
  58  4:56  Probe  
  58  4:57  Pylon  
  60  5:00  Pylon  
  60  5:07  Probe  
  60  5:09  Stalker x2  
  60  5:14  Immortal  
  58  5:24  Stalker  
  50  5:33  Stalker x2  
  54  6:09  Shield Battery  
  54  6:11  Probe  
  55  6:15  Charge (Chrono Boost), Zealot  
  57  6:23  Probe  
  57  6:25  Probe  
  59  6:29  Shield Battery  
  59  6:32  Pylon  
  59  6:35  Probe  
  59  6:36  Stalker  
  59  6:37  Probe  
  63  6:47  Probe  
  63  6:49  Probe  
  63  6:59  Probe  
  65  7:01  Stalker  
  65  7:02  Probe (Chrono Boost), Stalker x2  
  71  7:11  Probe (Chrono Boost)  
  71  7:14  Probe (Chrono Boost)  
  73  7:20  Probe (Chrono Boost)  
  73  7:21  Probe (Chrono Boost)  
  75  7:25  Probe (Chrono Boost)  
  76  7:35  Gateway  
  76  7:36  Gateway  
  76  7:39  Gateway x2  
  76  7:40  Stalker  
  76  7:42  Gateway  
  78  7:45  Gateway  
  78  8:10  Stalker x2  
  78  8:11  Stalker  
  84  8:31  Forge  
  84  8:33  Pylon  
  84  8:35  Probe x2  
  84  8:36  Pylon  
  84  8:37  Immortal  
  90  8:49  Pylon  
  90  8:54  Templar Archives  
  90  9:10  Zealot x3  
  90  9:11  Zealot x2  
  90  9:12  Zealot x3  
  90  9:13  Zealot  
  108  9:21  Nexus  
  81  10:18  Sentry  
  81  10:19  Zealot x3  
  81  10:20  Zealot x2  
  81  10:21  Zealot  
Tags
 
League
Gold
Matchup
PvP
Replay Pack
Multiplayer
Spawn Locations
Cross Positions
Add a new tag
Caveats
  • Supply blocks, unpowered buildings, or Contaminate may cause inaccurate times.
  • Supply counts are checked every 10 seconds.